 Dungeon Crawl Stone Soup version 0.18-a0-1774-gce1f7b6 (webtiles) character file.

2380 namelastname112 the Covert (level 9, -4/46 HPs)
             Began as a Vine Stalker Assassin on Apr 15, 2016.
             Was a Believer of Dithmenos.
             Slain by a white ugly thing (16 damage)
             ... on level 7 of the Dungeon.
             The game lasted 00:06:29 (4999 turns).

namelastname112 the Covert (Vine Stalker Assassin)  Turns: 4999, Time: 00:06:29

Health: -4/46      AC:  4    Str: 15    XL:     9   Next: 45%
Magic:  0/10       EV: 14    Int: 11    God:    Dithmenos [**....]
Gold:   151        SH:  0    Dex: 18    Spells: 0 memorised, 8 levels left

rFire  . . .     SeeInvis .     a - +2 dagger
rCold  . . .     Gourm    .     c - +0 robe
rNeg   . . .     Faith    .     (no shield)
rPois  +         Spirit   +     v - +0 helmet
rElec  .         Dismiss  .     d - +0 cloak
rCorr  .         Reflect  .     (no gloves)
SustAt .         Harm     .     (no boots)
MR     +....                    (no amulet)
Stlth  ++++++....               K - +3 ring of slaying
                                n - ring of poison resistance

@: wreathed by umbra, somewhat resistant to hostile enchantments, very stealthy
A: fangs 3, regeneration 2, magic shield, antimagic bite, no device heal 3, rot
immunity
a: Shadow Step, Renounce Religion


You were on level 7 of the Dungeon.
You worshipped Dithmenos.
Dithmenos was pleased with you.
You were very hungry.

You visited 2 branches of the dungeon, and saw 8 of its levels.

You collected 248 gold pieces.
You spent 97 gold pieces at shops.

Inventory:

Hand Weapons
 a - a +2 dagger (weapon)
 b - a +0 blowgun
Missiles
 e - 8 poisoned needles
 f - 2 curare-tipped needles
 F - 6 javelins (quivered)
Armour
 c - a +0 robe (worn)
 d - a +0 cloak (worn)
 v - a +0 helmet (worn)
Jewellery
 n - a ring of poison resistance (left hand)
 C - an uncursed ring of fire
 K - a +3 ring of slaying (right hand)
 N - the amulet of Midsummer {RegenMP rN+ Dex+6, unknown}
   (You took it off an orc on level 6 of the Dungeon)

   [amulet of magic regeneration]

   It increases your magic regeneration.
   It affects your dexterity (+6).
   It protects you from negative energy.
Wands
 z - a wand of polymorph (16/24)
 E - a wand of lightning (11/15)
 J - a wand of heal wounds (1/9)
 M - a wand of confusion (24/48)
Scrolls
 h - 4 scrolls of identify {unknown}
 i - 2 scrolls of enchant armour {unknown}
 k - 3 scrolls of teleportation {unknown}
 q - a scroll of magic mapping {unknown}
 t - 2 scrolls of enchant weapon {unknown}
 w - a scroll of random uselessness {unknown}
 x - a scroll of recharging {unknown}
 y - 3 scrolls of remove curse {unknown}
 G - 2 scrolls of blinking
 I - a scroll of noise {unknown}
Potions
 j - 3 potions of heal wounds {unknown}
 m - 3 potions of brilliance {unknown}
 o - 4 potions of curing {unknown}
 p - 3 potions of invisibility {unknown}
 r - 2 potions of degeneration {unknown}
 u - a potion of agility {unknown}
 A - 2 potions of might {unknown}
 B - 2 potions of haste {unknown}
 D - a potion of resistance {unknown}
 H - a potion of lignification {unknown}
 L - a potion of berserk rage {unknown}
Comestibles
 g - 4 bread rations
 l - 5 beef jerkies
 s - 3 meat rations


   Skills:
 + Level 4.4 Fighting
 * Level 6.3 Short Blades
 + Level 4.2 Throwing
 + Level 3.8 Dodging
 * Level 10.2 Stealth


You had 8 spell levels left.
You didn't know any spells.

Dungeon Overview and Level Annotations

Branches:
Dungeon (7/15)             Temple (1/1) D:6

Altars:
Dithmenos
Xom

Shops:
D:6 ?


Innate Abilities, Weirdness & Mutations

You have razor-sharp teeth.
You heal very quickly.
When hurt, damage is shared between your health and your magic reserves.
Your bite disrupts and absorbs the magic of your enemies.
Potions and wands cannot restore your health.
You are immune to rotting.


Message History

You hit the orc warrior.
The orc warrior is heavily wounded.
The black bear bites you! The black bear closely misses you. x2
You hit the orc warrior but do no damage.
You bite the orc warrior, but do no damage.
The orc warrior is heavily wounded.
The orc warrior barely misses you. The black bear barely misses you.
The black bear claws you but does no damage.
The black bear closely misses you.
You take 11 damage, and have 21/46 hp.
MASSIVE DAMAGE!!
You hit the orc warrior.
You bite the orc warrior, but do no damage.
The orc warrior is heavily wounded.
A centaur zombie comes into view.
You hit the orc warrior but do no damage.
The orc warrior is heavily wounded.
The white ugly thing tail-slaps you!
* * * LOW HITPOINT WARNING * * *
The white ugly thing freezes you!!
You die...

#. #........##
#...
#.##.#.####.##
#..$ ..#.#.#
#... # ...
##.##.## ####
#.###.. #..##..#
...... #..###
#...## ###.>#
#..o.###..##...#
#.Ou@...#.#
.#..#
#.....hZ....##
.# ...
#:###......## .#
# .....##### .#
..#... |# # #...
#..Z ...#


You could see a white ugly thing, an orc warrior, a black bear, an ogre, a
centaur zombie and a hound skeleton.

Vanquished Creatures
  The ghost of namelastname112 the Sneak, a novice VSAs (D:6)
  Grinder (D:4)
  An ice beast (D:5)
  A sky beast (D:5)
  An orc warrior (D:6)
  3 ogres
  2 phantoms
  A centaur (D:5)
  A giant frog (D:7)
  Blork the orc (D:5)
  7 scorpions
  A howler monkey (D:4)
  2 crimson imps
  A centaur zombie (D:6)
  2 hounds (D:5)
  An orc priest (D:6)
  A centaur skeleton (D:7)
  An iguana (D:7)
  5 worker ants
  A hound skeleton (D:6)
  2 worker ant zombies
  A howler monkey zombie (D:5)
  12 adders
  3 gnolls (D:6)
  2 oozes
  2 adder zombies
  3 adder skeletons
  A worm (D:2)
  4 dart slugs
  6 giant geckos
  8 orcs (D:6)
  A giant cockroach (D:4)
  6 goblins
  8 hobgoblins
  6 jackals
  4 quokkas
  A ball python (D:5)
  10 bats
  A giant gecko skeleton (D:6)
  4 giant newts
  A jackal skeleton (D:5)
  9 kobolds
  5 rats
135 creatures vanquished.

Vanquished Creatures (others)
  2 fungi (D:5)
2 creatures vanquished.

Grand Total: 137 creatures vanquished

Notes
Turn   | Place    | Note
--------------------------------------------------------------
     0 | D:1      | namelastname112 the Vine Stalker Assassin began the quest for the Orb.
     0 | D:1      | Reached XP level 1. HP: 11/11 MP: 2/2
   141 | D:1      | Reached skill level 5 in Stealth
   144 | D:1      | Reached XP level 2. HP: 7/15 MP: 1/3
   252 | D:1      | Reached skill level 1 in Dodging
   699 | D:2      | Reached XP level 3. HP: 12/18 MP: 4/4
   747 | D:2      | Found a shadowy altar of Dithmenos.
   796 | D:2      | Became a worshipper of Dithmenos the Shadowed
   896 | D:2      | Found a faded altar to an unknown god.
   925 | D:2      | Reached XP level 4. HP: 18/23 MP: 5/5
  1032 | D:2      | Reached skill level 6 in Stealth
  1079 | D:2      | Found a shimmering altar of Xom.
  1534 | D:3      | Reached XP level 5. HP: 22/26 MP: 4/6
  1658 | D:3      | Reached * piety under Dithmenos
  1923 | D:4      | Noticed Grinder
  1936 | D:4      | Paralysed by Grinder for 2 turns
  1943 | D:4      | Killed Grinder
  1943 | D:4      | Gained mutation: You heal very quickly. [Vine Stalker growth]
  1943 | D:4      | Reached XP level 6. HP: 32/32 MP: 7/7
  1978 | D:4      | Reached skill level 7 in Stealth
  2109 | D:4      | Noticed a phantom
  2163 | D:4      | Killed a phantom
  2163 | D:4      | Reached XP level 7. HP: 18/36 MP: 6/8
  2580 | D:5      | Entered Level 5 of the Dungeon
  3194 | D:5      | Reached skill level 8 in Stealth
  3194 | D:5      | Gained mutation: You have razor-sharp teeth. [Vine Stalker growth]
  3194 | D:5      | Reached XP level 8. HP: 39/40 MP: 9/9
  3343 | D:5      | Noticed Blork the orc
  3391 | D:5      | Reached ** piety under Dithmenos
  3451 | D:5      | Reached skill level 5 in Short Blades
  3489 | D:5      | Killed Blork the orc
  3752 | D:5      | Reached skill level 9 in Stealth
  4053 | D:6      | Found a staircase to the Ecumenical Temple.
  4126 | D:6      | Noticed namelastname112's ghost (novice VSAs)
  4158 | D:6      | Killed namelastname112's ghost
  4158 | D:6      | Reached XP level 9. HP: 25/45 MP: 7/10
  4356 | D:6      | HP: 2/45 [orc warrior/flail (9)]
  4510 | D:6      | Found Jeotsi's Magic Scroll Boutique.
  4530 | D:6      | Bought a scroll of blinking for 97 gold pieces
  4586 | D:6      | Reached skill level 10 in Stealth
  4825 | D:6      | Got a scorched copper amulet
  4893 | Temple   | Entered the Ecumenical Temple
  4993 | D:7      | Noticed a white ugly thing
  4999 | D:7      | Slain by a white ugly thing

Vault maps used:
D:1:      dpeg_arrival_radiant
D:2:      nicolae_dithmenos_through_a_glass_darkly, overflow_temple_1_default,
          ecumenical_altar_1, first_bread
D:4:      uniq_grinder
D:5:      old_forge, grunt_tough_drop, uniq_blork_the_orc
D:6:      minmay_temple_entry_grid, serial_shops, shop, minmay_misc_feat_tower
D:7:      hangedman_cross_stitches, grunt_temple_overflow_cloverleaf,
          st_stairs_7
Temple:   nicolae_temple_god_jail

Skill      XL: |  1  2  3  4  5  6  7  8  9 |
---------------+----------------------------+-----
Short Blades   | 2 3 4 5 6 |  6.3
Stealth        | 5 6 7 8 9 10 | 10.2
Dodging        | 1 2 3 |  3.8
Throwing       | 2 3 4 |  4.2
Fighting       | 2 3 4 |  4.4

Action                   |  1- 3 |  4- 6 |  7- 9 || total
-------------------------+-------+-------+-------++-------
Melee: Dagger            |    85 |   140 |   421 ||   646
       Bite              |    29 |    34 |   145 ||   208
Throw: Javelin           |       |     3 |     2 ||     5
 Stab: Sleeping          |     5 |     9 |    18 ||    32
       Distracted        |       |       |     4 ||     4
  Eat: Chunk             |       |     2 |     9 ||    11
       Pizza             |       |     1 |       ||     1
Armor: Robe              |     9 |    19 |    42 ||    70
Dodge: Dodged            |    43 |    81 |   249 ||   373
